 Dungeon Crawl Stone Soup version 0.31.0-32-g396128a36d (webtiles) character file.

Game seed: 13392772937766899428

1422 monsoonserge the Ruffian (level 8, -5/61 HPs)
             Began as a Gnoll Shapeshifter on Mar 25, 2024.
             Was a Believer of Wu Jian.
             Slain by a hornet (12 damage)
             ... in the Ecumenical Temple.
             The game lasted 00:18:36 (5148 turns).

monsoonserge the Ruffian (Gnoll Shapeshifter)       Turns: 5148, Time: 00:18:37

Health: -5/61      AC:  5    Str: 21    XL:     8   Next: 72%
Magic:  13/13      EV: 12    Int:  9    God:    Wu Jian [**....]
Gold:   331        SH:  0    Dex: 11    Spells: 14/14 levels left

rFire   . .          .
                       - Unarmed
rCold   . . .        (no shield)
rNeg    . . .        j - +0 ring mail of Objectivity {rPois rCorr Str+6 Dex-2}
rPois   +            l - melded +1 helmet {SInv}
rElec   .            (cloak currently unavailable)
rCorr   +            (gloves currently unavailable)
SInv    .            t - melded +0 pair of boots
Will    .....        v - amulet of regeneration
Stlth   ++           I - ring of flight
HPRegen 1.10/turn    (no ring)
MPRegen 0.13/turn

%: no passive effects
@: lethally poisoned (-5 -> -5), beast-form, flying, slowed, very slow
A: beast (slay +4), fangs 1, strong nose, distributed training
a: Begin Untransformation, Renounce Religion, Wall Jump


You were in the Ecumenical Temple.
You worshipped Wu Jian.
Wu Jian was pleased with you.
You were a hulking beast.
You visited 2 branches of the dungeon, and saw 7 of its levels.

You collected 331 gold pieces.

Inventory:

Hand Weapons
 y - the +5 Force Lance {heavy, knockback}
   (You found it on level 3 of the Dungeon)
Missiles
 z - 6 boomerangs (quivered)
 E - 3 darts of dispersal
Armour
 j - the +0 ring mail of Objectivity (worn) {rPois rCorr Str+6 Dex-2}
   (You found it on level 2 of the Dungeon)

   Str+6:     It affects your strength (+6).
   Dex-2:     It affects your dexterity (-2).
   rPois:     It protects you from poison rCorr: It protects you from acid and
   corrosion.
 l - a +1 helmet of see invisible (melded)
 q - a +0 chain mail of fire resistance
 r - a +2 robe of willpower
 t - a +0 pair of boots (melded)
Jewellery
 v - an amulet of regeneration (around neck)
 F - a ring of poison resistance
 I - a ring of flight (left hand)
 K - a ring of ice
Talismans
 c - a beast talisman (active)
 d - a flux talisman
Wands
 k - a wand of flame (15)
 x - a wand of charming (23)
 B - a wand of digging (2)
 L - a wand of polymorph (7)
Scrolls
 a - 2 scrolls of enchant armour {unknown}
 e - 4 scrolls of teleportation {unknown}
 f - 2 scrolls of blinking {unknown}
 g - 3 scrolls of brand weapon {unknown}
 i - a scroll of torment {unknown}
 n - 4 scrolls of noise {unknown}
 s - 4 scrolls of identify {unknown}
 u - 3 scrolls of vulnerability {unknown}
 w - a scroll of amnesia {unknown}
 A - 2 scrolls of immolation {unknown}
 C - a scroll of silence {unknown}
 G - a scroll of enchant weapon {unknown}
 J - 2 scrolls of acquirement {unknown}
Potions
 b - 2 potions of lignification
 h - a potion of mutation {unknown}
 m - a potion of curing
 o - a potion of heal wounds
 p - 2 potions of ambrosia {unknown}
 D - a potion of berserk rage {unknown}
 H - a potion of might {unknown}


   Skills:
 + Level 4.5 Fighting
 + Level 3.6 Short Blades
 + Level 3.6 Long Blades
 + Level 3.6 Axes
 + Level 3.6 Maces & Flails
 + Level 3.6 Polearms
 + Level 3.6 Staves
 + Level 3.6 Ranged Weapons
 + Level 3.6 Throwing
 + Level 3.6 Armour
 + Level 5.9 Dodging
 + Level 3.6 Stealth
 + Level 3.6 Shields
 + Level 7.5 Unarmed Combat
 + Level 3.6 Spellcasting
 + Level 3.0 Conjurations
 + Level 3.0 Hexes
 + Level 3.0 Summonings
 + Level 3.0 Necromancy
 + Level 3.0 Translocations
 + Level 3.0 Fire Magic
 + Level 3.0 Ice Magic
 + Level 3.0 Air Magic
 + Level 3.0 Earth Magic
 + Level 3.0 Alchemy
 + Level 4.0 Invocations
 + Level 3.6 Evocations
 + Level 7.4 Shapeshifting


You had 14 spell levels left.
You didn't know any spells.
Your spell library contained the following spells:

 Spells                   Type           Power      Damage    Failure   Level
 Apportation              Tloc           14%        N/A       13%         1
 Necrotise                Necr           28%        1d5       13%         1
 Sting                    Conj/Alch      28%        1d4       13%         1
 Summon Small Mammal      Summ           28%        N/A       13%         1
 Ozocubu's Armour         Ice            7%         N/A       36%         3
 Tukima's Dance           Hex            7%         N/A       36%         3
 Animate Dead             Necr           7%         N/A       78%         4
 Passage of Golubria      Tloc           7%         N/A       78%         4
 Borgnjor's Vile Clutch   Necr/Erth      3%         N/A       98%         5
 Metabolic Englaciation   Hex/Ice        3%         N/A       98%         5
 Yara's Violent Unravell  Hex/Alch       3%         3d4       98%         5
 Death Channel            Necr           3%         N/A       100%        6
 Sculpt Simulacrum        Ice/Alch       3%         N/A       100%        6


Dungeon Overview and Level Annotations

Branches:
Dungeon (6/15)             Temple (1/1) D:6

Altars:
Cheibriados
Fedhas
Gozag
Kikubaaqudgha
Nemelex Xobeh
Okawaru
Qazlal
Sif Muna
Trog
Uskayaw
Vehumet
Wu Jian
Xom
Zin
The Shining One
Jiyva

Shops:
D:5 (   D:6 =

Annotations:
D:5 2 transporters, yey's ghost, novice OnGl


Innate Abilities, Weirdness & Mutations

You are a hulking beast.
Your limbs bulge with bestial killing power. (Slay +4)
You have very sharp teeth.
Your uncanny sense of smell can sniff out nearby items.
Your experience applies equally to all skills.


Message History

The hornet stings you!
* * * LOW HITPOINT WARNING * * *
The white imp gestures at you.
The puff of frost hits you but does no damage.
Unknown command.
Okay, then.
You hit the hornet.
The hornet is severely wounded.
You feel sick.
The hornet stings you but does no damage.
The white imp hits you but does no damage.
The hornet stings you but does no damage.
You are mildly poisoned (11 -> 11).
Expiring: You are a tree.
You are slowed.
Your movement speed is very slow.
Your attack delay is about 1.2.
Your damage rating with unarmed combat is about 22 (Base [12 + 7 (UC)] x 112% (Str) x 107% (Fight)).
You barely miss the hornet.
The hornet is severely wounded.
You feel sick. The hornet stings you.
* * * LOW HITPOINT WARNING * * *
You feel as though you will be slow longer.
The white imp completely misses you.
The hornet stings you but does no damage.
You barely miss the hornet.
The hornet is severely wounded.
You feel sick.
The hornet stings you but does no damage.
The white imp hits you but does no damage.
The hornet barely misses you.
The white imp hits you but does no damage.
You closely miss the hornet.
The hornet is severely wounded.
You feel less wooden.
Your +1 helmet of see invisible unmelds from your body.
Your +0 pair of boots unmelds from your body.
The +0 ring mail of Objectivity {rPois rCorr Str+6 Dex-2} unmelds from your body.
You feel perceptive.
You turn into a hulking beast.
Your +1 helmet of see invisible melds into your body.
Your +0 pair of boots melds into your body.
You feel less perceptive.
You feel sick. The hornet stings you!
You die...

##############
##............##
##......y.......##
##........h.......##
##.........5........##
##.....#####.####.....##
##.....#####.######.....##
##.....##..##..##..##.....##
#.....##_.._#..#_.._##.....#
#....##.....##.#.....##....#
#....#_....##.###...._#....#
#....##.#_#.#..#.#_#.##....#


You could see a hornet and a white imp.

Vanquished Creatures
  An orc warrior (D:6)
  2 ogres
  3 phantoms
  A howler monkey (D:6)
  3 bombardier beetles
  3 hounds
  3 jellies
  A gnoll bouda (D:4)
  2 orc priests
  A sleepcap (Temple)
  Jessica (D:2)
  3 iguanas
  Ijyb (D:3)
  Natasha (D:2)
  6 orc wizards
  Robin (D:2)
  5 adders
  A white imp (D:5)
  3 ribbon worms
  2 dart slugs
  16 orcs
  5 endoplasms
  4 giant cockroaches
  10 goblins
  12 hobgoblins
  12 jackals
  8 kobolds
  6 quokkas
  13 ball pythons
  4 bats
  2 frilled lizards
  5 rats
  2 butterflies (D:6)
143 creatures vanquished.

Vanquished Creatures (others)
  An acid dragon (D:6)
1 creature vanquished.

Grand Total: 144 creatures vanquished

Notes
Turn   | Place    | Note
-------+----------+-------------------------------------------
     0 | D:1      | monsoonserge the Gnoll Shapeshifter began the quest for the
                  | Orb.
     0 | D:1      | Reached XP level 1. HP: 17/17 MP: 1/1
   103 | D:1      | Reached XP level 2. HP: 23/23 MP: 2/2
   241 | D:1      | Reached XP level 3. HP: 27/28 MP: 3/3
   336 | D:1      | Reached skill level 1 in Invocations
   481 | D:2      | Identified the +0 ring mail of Objectivity {rPois rCorr
                  | Str+6 Dex-2}
   642 | D:2      | Noticed Robin
   644 | D:2      | Reached skill level 1 in Short Blades
   644 | D:2      | Reached skill level 1 in Long Blades
   644 | D:2      | Reached skill level 1 in Axes
   644 | D:2      | Reached skill level 1 in Maces & Flails
   644 | D:2      | Reached skill level 1 in Polearms
   644 | D:2      | Reached skill level 1 in Staves
   644 | D:2      | Reached skill level 1 in Ranged Weapons
   644 | D:2      | Reached skill level 1 in Throwing
   644 | D:2      | Reached skill level 1 in Armour
   644 | D:2      | Reached skill level 1 in Stealth
   644 | D:2      | Reached skill level 1 in Shields
   644 | D:2      | Reached skill level 1 in Spellcasting
   644 | D:2      | Reached skill level 1 in Evocations
   691 | D:2      | Killed Robin
   692 | D:2      | Reached XP level 4. HP: 7/34 MP: 5/5
   999 | D:2      | Reached skill level 1 in Conjurations
   999 | D:2      | Reached skill level 1 in Hexes
   999 | D:2      | Reached skill level 1 in Summonings
   999 | D:2      | Reached skill level 1 in Necromancy
   999 | D:2      | Reached skill level 1 in Translocations
   999 | D:2      | Reached skill level 1 in Fire Magic
   999 | D:2      | Reached skill level 1 in Ice Magic
   999 | D:2      | Reached skill level 1 in Air Magic
   999 | D:2      | Reached skill level 1 in Earth Magic
   999 | D:2      | Reached skill level 1 in Alchemy
  1192 | D:2      | Noticed Natasha
  1195 | D:2      | Killed Natasha
  1258 | D:2      | Reached XP level 5. HP: 38/40 MP: 5/7
  1308 | D:2      | Noticed Jessica
  1314 | D:2      | Killed Jessica
  1571 | D:3      | Noticed Ijyb
  1792 | D:3      | Killed Ijyb
  1828 | D:3      | Found an ornate altar of the Wu Jian Council.
  1836 | D:3      | Became a worshipper of the Wu Jian Council
  1953 | D:3      | Found the +5 Force Lance {heavy, knockback}
  2117 | D:3      | Reached XP level 6. HP: 46/47 MP: 8/8
  2454 | D:3      | Found a stormy altar of Qazlal.
  2482 | D:3      | Found a faded altar of an unknown god.
  2637 | D:4      | Reached skill level 5 in Dodging
  2941 | D:4      | Reached XP level 7. HP: 52/52 MP: 10/10
  3135 | D:4      | Found a glowing golden altar of the Shining One.
  3322 | D:5      | Entered Level 5 of the Dungeon
  3327 | D:5      | Reached * piety under Wu Jian
  3395 | D:5      | Found Racramn's Weapon Emporium.
  3601 | D:5      | Found a transporter.
  3607 | D:5      | Noticed yey's ghost (novice OnGl)
  3723 | D:5      | Found a transporter.
  4248 | D:6      | Reached XP level 8. HP: 53/60 MP: 12/12
  4311 | D:5      | HP: 2/60 [something (4)]
  4650 | D:6      | Reached ** piety under Wu Jian
  4662 | D:6      | Found Iqegregu's Jewellery Boutique.
  4690 | D:6      | Found a staircase to the Ecumenical Temple.
  4700 | Temple   | Entered the Ecumenical Temple
  4987 | D:6      | Found a shimmering altar of Xom.
  5090 | D:6      | Noticed a hornet
  5141 | Temple   | HP: 1/91 [hornet (7)]
  5148 | Temple   | Slain by a hornet

Illustrated notes

Levels and vault maps discovered:
D:1:      lightli_arrival_quake, layout_rooms, minmay_misc_feat_encased
D:2:      layout_loops_corners, uniq_robin, uniq_natasha, uniq_jessica
D:3:      layout_basic, nicolae_qazlal_general_emergency,
          mainiacjoe_overflow_surrounded_room, chequers_ecumenical_altar_twisty,
          uniq_ijyb
D:4:      kennysheep_six_static_rooms, layout_loops_ring,
          mainiacjoe_overflow_six_doors_small, kennysheep_generic_room_11
D:5:      layout_basic, gammafunk_ghost_arena, serial_shops,
          kennysheep_mini_moat
D:6:      layout_gridville, xom_butterflies, minmay_temple_entry_butterflies,
          minmay_shop_enchanted_jewellery, st_stairs_13, grunt_potential
Temple:   pf_slime_end_temple

Skill      XL: |  1  2  3  4  5  6  7  8 |
---------------+-------------------------+-----
Invocations    | 1 2 3 4 |  4.0
Short Blades   | 1 2 3 |  3.6
Long Blades    | 1 2 3 |  3.6
Axes           | 1 2 3 |  3.6
Maces & Flails | 1 2 3 |  3.6
Polearms       | 1 2 3 |  3.6
Staves         | 1 2 3 |  3.6
Ranged Weapons | 1 2 3 |  3.6
Throwing       | 1 2 3 |  3.6
Armour         | 1 2 3 |  3.6
Stealth        | 1 2 3 |  3.6
Shields        | 1 2 3 |  3.6
Spellcasting   | 1 2 3 |  3.6
Evocations     | 1 2 3 |  3.6
Conjurations   | 1 2 3 |  3.0
Hexes          | 1 2 3 |  3.0
Summonings     | 1 2 3 |  3.0
Necromancy     | 1 2 3 |  3.0
Translocations | 1 2 3 |  3.0
Fire Magic     | 1 2 3 |  3.0
Ice Magic      | 1 2 3 |  3.0
Air Magic      | 1 2 3 |  3.0
Earth Magic    | 1 2 3 |  3.0
Alchemy        | 1 2 3 |  3.0
Fighting       | 3 4 |  4.5
Dodging        | 5 |  5.9
Unarmed Combat | 7 |  7.5
Shapeshifting  | 7 |  7.4

Action                     |  1- 3 |  4- 6 |  7- 9 || total
---------------------------+-------+-------+-------++-------
  Melee: Unarmed           |    76 |   140 |   145 ||   361
         Bite              |     9 |    12 |     8 ||    29
         Punch             |     7 |       |     3 ||    10
  Throw: Boomerang         |       |     5 |    19 ||    24
Ability: Lunge             |       |     3 |     5 ||     8
         Whirlwind         |       |       |     3 ||     3
  Evoke: Wand              |       |     3 |     3 ||     6
    Use: Potion            |       |       |     6 ||     6
   Stab: Distracted        |       |     1 |       ||     1
 Armour: Chain mail        |    35 |       |       ||    35
         Animal skin       |     2 |       |       ||     2
         Ring mail         |    14 |    56 |    86 ||   156
         Skin              |       |       |    60 ||    60
  Dodge: Dodged            |    34 |    66 |    43 ||   143
   Form: Beast             |       |       |     1 ||     1
         Flux              |       |       |     1 ||     1
